 Dungeon Crawl Stone Soup version 0.26-a0-639-g72c4674329 (webtiles) character file.

Game seed: 5815738171943769219

100 ANON1729 the Shield-Bearer (level 4, -5/29 HPs)
             Began as a Gargoyle Fighter on Sept 15, 2020.
             Slain by an iron imp (7 damage)
             ... summoned by Eustachio
             ... on level 4 of the Dungeon.
             The game lasted 00:05:20 (2555 turns).

ANON1729 the Shield-Bearer (Gargoyle Fighter)       Turns: 2555, Time: 00:05:21

Health: -5/29      AC: 10    Str: 21      XL:     4   Next: 73%
Magic:  4/4        EV:  7    Int:  8      God:
Gold:   150        SH:  9    Dex:  6 (9)  Spells: 3/3 levels left

rFire    . . .     SeeInvis .   v - +0 scimitar
rCold    . . .     Faith    .   c - +0 kite shield
rNeg     + . .     Spirit   .   b - +0 scale mail
rPois    ∞         Reflect  .   (no helmet)
rElec    +         Harm     .   (no cloak)
rCorr    .         Rampage  .   (no gloves)
MR       .....                  (no boots)
Stlth    ..........             (no amulet)
HPRegen  0.09/turn              (no ring)
MPRegen  0.09/turn              (no ring)

@: no status effects
A: negative energy resistance 1, electricity resistance, unbreathing,
petrification resistance, rot immunity, AC +3
a: no special abilities


You were on level 4 of the Dungeon.
You visited 1 branch of the dungeon, and saw 4 of its levels.

You collected 150 gold pieces.

Inventory:

Hand Weapons
 a - a +0 long sword
 v - a +0 scimitar (weapon)
Armour
 b - a +0 scale mail (worn)
 c - a +0 kite shield (worn)
Jewellery
 q - a cursed amulet of inaccuracy {unknown}
 s - an uncursed ring of fire {unknown}
Wands
 o - a wand of random effects (25)
Scrolls
 f - 5 scrolls of identify {unknown}
 g - 4 scrolls of amnesia {unknown}
 j - a scroll of immolation {unknown}
 m - 2 scrolls of fear {unknown}
 p - 2 scrolls of remove curse {unknown}
 u - 3 scrolls of enchant armour {unknown}
Potions
 d - a potion of might
 e - a potion of resistance {unknown}
 h - a potion of invisibility {unknown}
 i - 3 potions of heal wounds {unknown}
 k - a potion of curing {unknown}
 l - a potion of haste {unknown}
 n - a potion of flight {unknown}
 r - a potion of mutation {unknown}
 t - a potion of stabbing {unknown}


   Skills:
 + Level 4.0 Fighting
 + Level 2.5 Long Blades
 + Level 4.0 Armour
 + Level 4.1 Shields


You had 3 spell levels left.
You didn't know any spells.
Your spell library was empty.

Dungeon Overview and Level Annotations

Branches:
Dungeon (4/15)
 Temple: D:4-7

Altars:
Dithmenos

Annotations:
D:4 Eustachio


Innate Abilities, Weirdness & Mutations

You are resistant to torment.
Your stone body is resilient. (AC +3)
You are immune to poison.
You resist negative energy. (rN+)
You are resistant to electric shocks. (rElec)
You can survive without breathing.
You are immune to petrification.
You are immune to rotting.


Message History

The iron imp lashes its tail.
The iron imp hits you.
* * * LOW HITPOINT WARNING * * *
You block the river rat's attack. x2
You miss Eustachio.
Eustachio is almost dead.
Eustachio mumbles some strange words.
The river rat bites you but does no damage.
You block the iron imp's attack. The rat barely misses you.
The river rat bites you.
* * * LOW HITPOINT WARNING * * *
Eustachio hits you but does no damage.
You barely miss Eustachio.
Eustachio is almost dead.
The river rat bites you but does no damage.
The rat barely misses you.
You riposte.
You barely miss the rat. The river rat bites you.
* * * LOW HITPOINT WARNING * * *
The iron imp hits you!
You die...

################
........(.......
...........>...
#.........#
##.#....#
#......5#
#....55@#
#....rr@#
#....arr#
..#.##.##'#.#
...........#.#
###.###.####.#
#.# #.# #.# #.#
#.# #.# #.. .#


You could see Eustachio, a worker ant, 2 iron imps, 2 river rats, a shadow imp
(summoned), a quokka (summoned) and a rat (summoned).

Vanquished Creatures
  Terence (D:2)
  An adder (D:2)
  2 worms (D:2)
  3 dart slugs
  2 leopard geckos (D:1)
  An orc (D:3)
  7 bats
  4 giant cockroaches
  5 goblins
  3 hobgoblins
  4 jackals
  A quokka (D:3)
  5 frilled lizards
  5 kobolds
  6 rats
50 creatures vanquished.

Notes
Turn   | Place    | Note
-------+----------+-------------------------------------------
     0 | D:1      | ANON1729 the Gargoyle Fighter began the quest for the Orb.
     0 | D:1      | Reached XP level 1. HP: 14/14 MP: 1/1
   156 | D:1      | Reached XP level 2. HP: 19/19 MP: 2/2
   756 | D:2      | Reached XP level 3. HP: 19/23 MP: 3/3
   862 | D:2      | Noticed Terence
   881 | D:2      | Killed Terence
  1051 | D:2      | Reached XP level 4. HP: 15/29 MP: 4/4
  1490 | D:2      | Found a shadowy altar of Dithmenos.
  2522 | D:4      | Noticed Eustachio
  2555 | D:4      | Slain by an iron imp

Illustrated notes

Levels and vault maps discovered:
D:1:      dpeg_arrival_stonehenge_8_columns, layout_basic, minmay_tetromino_s2
D:2:      layout_basic, lemuel_crystal_altar, uniq_terence
D:3:      layout_loops_ring, serial_bayou_pond_d
D:4:      layout_basic, ebering_ghost_sewer_f, uniq_eustachio, uniq_sigmund

Skill      XL: |  1  2  3  4 |
---------------+-------------+-----
Long Blades    | 2 |  2.5
Shields        | 4 |  4.1
Fighting       | 4 |  4.0
Armour         | 4 |  4.0

Action                   |  1- 3 |  4- 6 || total
-------------------------+-------+-------++-------
Melee: Long sword        |    81 |   116 ||   197
       Scimitar          |       |    18 ||    18
Armor: Scale mail        |    56 |   114 ||   170
Dodge: Dodged            |    24 |    55 ||    79
Block: Kite shield       |    40 |   108 ||   148
       Rpst.: Long sword |     9 |    14 ||    23
       Scimitar          |       |     6 ||     6

Table legend: (Time is in decaauts)
 A = Elapsed time spent in this place.
 B = Non-inter-level travel time spent in this place.
 C = Inter-level travel time spent in this place.
 D = Time resting spent in this place.
 E = Time spent auto-exploring this place.
 F = Levels seen in this place.
 G = Mean time per level.
                   A        B        C        D        E       F      G
               +--------+--------+--------+--------+--------+-----+--------+
         Total |   2631 |   2570 |     61 |      0 |   2075 |   4 |  657.8 |
       Dungeon |   2631 |   2570 |     61 |      0 |   2075 |   4 |  657.8 |
               +--------+--------+--------+--------+--------+-----+--------+

Top non-repeatable levels by time:
     D:2: 1047 daAuts
     D:3: 776 daAuts
     D:1: 768 daAuts
     D:4: 38 daAuts
